 Dungeon Sprint DCSS version 0.30-a0-808-g6e0788376e (webtiles) character file.

Game seed: 6449779752149906524

2877 rocky1 the Zephyrmancer (level 9, 0/90 HPs)
             Began as a Tengu Air Elementalist on Feb 26, 2023.
             Was a High Priest of Sif Muna.
             Succumbed to a black mamba's poison
             ... in the Dungeon (Sprint VII: "The Pits").
             The game lasted 00:09:43 (3034 turns).

rocky1 the Zephyrmancer (Tengu Air Elementalist)    Turns: 3034, Time: 00:09:43

Health: 0/90       AC:  4    Str: 12    XL:     9   Next: 76%
Magic:  5/22       EV: 22    Int: 20    God:    Sif Muna [*****.]
Gold:   0          SH:  0    Dex: 14    Spells: 6/25 levels left

rFire   . . .      SeeInvis .    v - +2 scimitar (holy)
rCold   . . .      Faith    .    (no shield)
rNeg    . . .      Spirit   .    n - +0 leather armour
rPois   .          Reflect  .    (helmet restricted)
rElec   .          Harm     .    u - +0 cloak
rCorr   .          Rampage  .    (no gloves)
Will    .....      NoTele   +    (boots unavailable) Stlth
                                 (no amulet)
HPRegen 0.35/turn                q - +3 ring of strength
MPRegen 0.18/turn                r - +3 ring of evasion

@: berserking, lethally poisoned (0 -> -18), sluggish, flying quickly and
evasively, quick
A: beak, talons 3, nimble flight
a: Renounce Religion, Channel Magic, Forget Spell, Divine Exegesis


You were in the Dungeon.
You worshipped Sif Muna.
Sif Muna was extremely pleased with you.
You visited 1 branch

Inventory:

Hand Weapons
 k - a +2 falchion
 l - a +2 long sword of flaming
 v - a +2 scimitar of holy wrath (weapon)
Armour
 a - a +0 robe
 m - a +3 ring mail
 n - a +0 leather armour (worn)
 p - +0 acid dragon scales
 u - a +0 cloak (worn)
Jewellery
 q - a +3 ring of strength (left hand)
 r - a +3 ring of evasion (right hand)
Wands
 o - a wand of roots (4)
Scrolls
 g - a scroll of blinking
 i - 5 scrolls of amnesia
 j - a scroll of summoning
Potions
 b - 5 potions of magic
 c - 5 potions of curing
 e - a potion of haste
 f - 4 potions of berserk rage
 h - 2 potions of invisibility
 s - 2 potions of resistance
 t - 3 potions of might


   Skills:
 + Level 9.3 Fighting
 + Level 10.3 Dodging
 - Level 2.0 Stealth
 + Level 8.8 Spellcasting
 + Level 12.0 Conjurations
 + Level 12.5 Air Magic
 + Level 7.7 Invocations


You had 6 spell levels left.
You knew the following spells:

 Your Spells              Type           Power      Damage    Failure   Level
a - Magic Dart            Conj           100%       1d8       1%          1
b - Shock                 Conj/Air       100%       1d9       1%          1
c - Swiftness             Air            56%        N/A       1%          3
d - Airstrike             Air            28%        2d(4-20)  1%          4
e - Searing Ray           Conj           100%       2d8       1%          2
f - Static Discharge      Conj/Air       100%       2-7/arc   1%          2
g - Conjure Ball Lightni  Conj/Air       27%        3x3d8     10%         6

Your spell library contained the following spells:

 Spells                   Type           Power      Damage    Failure   Level
 Momentum Strike          Conj/Tloc      64%        3d9       1%          2
 Poisonous Vapours        Pois/Air       66%        N/A       1%          2
 Dazzling Flash           Conj/Hex       64%        N/A       2%          3
 Stone Arrow              Conj/Erth      64%        3d11      2%          3
 Flame Wave               Conj/Fire      32%        2d9       9%          4
 Fulminant Prism          Conj/Hex       16%        3d10      9%          4
 Sting                    Tmut/Pois      32%        1d4       10%         1
 Silence                  Hex/Air        16%        N/A       22%         5
 Spider Form              Tmut/Pois      8%         N/A       30%         3
 Petrify                  Tmut/Erth      8%         N/A       69%         4
 Orb of Destruction       Conj           27%        9d9       52%         7


Dungeon Overview and Level Annotations

Branches:
Dungeon (1/1)

Altars:
Ashenzari
Cheibriados
Dithmenos
Elyvilon
Fedhas
Gozag
Hepliaklqana
Kikubaaqudgha
Makhleb
Nemelex Xobeh
Okawaru
Qazlal
Ru
Sif Muna
Trog
Uskayaw
Vehumet
Wu Jian
Xom
Yredelemnul
Zin
The Shining One
Jiyva
Lugonu


Innate Abilities, Weirdness & Mutations

You have a beak for a mouth.
You have claws for feet.
Your magical nature lets you fly swiftly and evasively.


Message History

The black mamba is almost dead.
The black mamba misses you.
The black mamba bites you but does no damage.
The black mamba closely misses you.
You barely miss the black mamba.
You peck the black mamba, but do no damage.
The black mamba is almost dead.
The black mamba completely misses you. The black mamba closely misses you.
The black mamba misses you.
You completely miss the black mamba. Your kick misses the black mamba.
The black mamba is almost dead.
The black mamba completely misses you. The black mamba barely misses you.
You barely miss the black mamba. Your kick misses the black mamba.
Your peck misses the black mamba.
The black mamba is almost dead.
The black mamba bites you!!
* * * LOW HITPOINT WARNING * * *
You are lethally poisoned!
The black mamba poisons you! The black mamba bites you.
* * * LOW HITPOINT WARNING * * *
The black mamba closely misses you.
You feel better. The black mamba completely misses you.
A red film seems to cover your vision as you go berserk!
You feel yourself moving faster!
You feel mighty! The black mamba bites you!
* * * LOW HITPOINT WARNING * * *
You are lethally poisoned!
The black mamba poisons you! The black mamba barely misses you.
You completely miss the black mamba.
The goblin shouts!
Your kick misses the black mamba.
The black mamba is almost dead.
* * * LOW HITPOINT WARNING * * *
You feel very sick. The black mamba bites you!
* * * LOW HITPOINT WARNING * * *
The black mamba completely misses you.
You slash the black mamba!
You kill the black mamba!
Sif Muna accepts your kill.
You die...

########### _________.#
_________.#
_______...###########++####
##########'##...............
#.?(.')))'.##......#..#.....
##########.##..............g
#..........@)o†.............
#'#####'#####......#..#.....
#.#..#..#[.##....g..........
#.#..'..#))#####'#####'o####
#.#..####))##.......##''#
#)#..#..#.)##.......##.o##
#.#..#†.#..##.......##...#
#)##'#..#'###...<...###..S#
#.#..)..)..##.......# ##....


You could see an orc and a goblin.

Vanquished Creatures
  A deep elf pyromancer (D)
  2 black mambas (D)
  A gargoyle (D)
  Sigmund (D)
  A jumping spider (D)
  2 acid dragons (D)
  A floating eye (D)
  An orc warrior (D)
  A sky beast (D)
  2 black bears (D)
  A centaur (D)
  6 wolves (D)
  A necrophage (D)
  2 scorpions (D)
  2 crimson imps (D)
  An orc priest (D)
  2 gnolls (D)
  A river rat (D)
  An ufetubus (D)
  A worm (D)
  5 orcs (D)
  A giant cockroach (D)
  A goblin (D)
  2 hobgoblins (D)
  A ball python zombie (D)
  A frilled lizard (D)
  A jackal skeleton (D)
  2 kobolds (D)
45 creatures vanquished.

Vanquished Creatures (others)
  A small abomination (D)
  5 ball lightnings (D)
6 creatures vanquished.

Grand Total: 51 creatures vanquished

Notes
Turn   | Place    | Note
-------+----------+-------------------------------------------
     0 | D        | rocky1 the Tengu Air Elementalist began the quest for the
                  | Orb.
     0 | D        | Reached XP level 1. HP: 10/10 MP: 4/4
    16 | D        | Reached skill level 1 in Fighting
    16 | D        | Reached XP level 2. HP: 16/16 MP: 0/6
   178 | D        | Found a bloodstained altar of Trog.
   178 | D        | Found a shimmering blue altar of Sif Muna.
   178 | D        | Found a viscous altar of Jiyva.
   178 | D        | Found a hazy altar of Hepliaklqana.
   178 | D        | Found an opulent altar of Gozag.
   179 | D        | Found a glowing golden altar of the Shining One.
   179 | D        | Found a glowing silver altar of Zin.
   179 | D        | Found a basalt altar of Yredelemnul.
   179 | D        | Found a shimmering altar of Xom.
   179 | D        | Found an ornate altar of the Wu Jian Council.
   179 | D        | Found a sacrificial altar of Ru.
   179 | D        | Found a stormy altar of Qazlal.
   179 | D        | Found an iron altar of Okawaru.
   179 | D        | Found a sparkling altar of Nemelex Xobeh.
   179 | D        | Found a burning altar of Makhleb.
   179 | D        | Found a blossoming altar of Fedhas.
   179 | D        | Found a white marble altar of Elyvilon.
   179 | D        | Found a shadowy altar of Dithmenos.
   179 | D        | Found a snail-covered altar of Cheibriados.
   182 | D        | Found a corrupted altar of Lugonu.
   182 | D        | Found a radiant altar of Vehumet.
   183 | D        | Found an ancient bone altar of Kikubaaqudgha.
   183 | D        | Found a hide-covered altar of Uskayaw.
   183 | D        | Found a broken altar of Ashenzari.
   184 | D        | Became a worshipper of Sif Muna the Loreminder
   222 | D        | Noticed a scorpion
   229 | D        | Killed a scorpion
   230 | D        | Reached XP level 3. HP: 7/23 MP: 7/9
   230 | D        | Reached XP level 4. HP: 9/28 MP: 7/10
   432 | D        | Learned a level 2 spell: Static Discharge
   436 | D        | Learned a level 3 spell: Swiftness
   441 | D        | Learned a level 4 spell: Airstrike
   445 | D        | Noticed a floating eye
   448 | D        | Paralysed by a floating eye for 4 turns
   452 | D        | Killed a floating eye
   452 | D        | Reached * piety under Sif Muna
   453 | D        | Reached skill level 5 in Dodging
   453 | D        | Gained mutation: Your magical nature lets you fly swiftly
                  | and evasively. [Tengu growth]
   453 | D        | Reached XP level 5. HP: 33/33 MP: 6/12
   619 | D        | Reached ** piety under Sif Muna
   696 | D        | Noticed an orc warrior
   705 | D        | Reached *** piety under Sif Muna
   710 | D        | Reached XP level 6. HP: 40/40 MP: 5/14
   711 | D        | Noticed a sky beast
   713 | D        | Killed an orc warrior
   714 | D        | Reached skill level 5 in Fighting
   714 | D        | Reached skill level 5 in Spellcasting
   730 | D        | Reached **** piety under Sif Muna
   741 | D        | Killed a sky beast
   761 | D        | Reached XP level 7. HP: 27/45 MP: 7/16
  1334 | D        | Noticed a deep elf pyromancer
  1341 | D        | Killed a deep elf pyromancer
  1341 | D        | Reached ***** piety under Sif Muna
  1341 | D        | Received a gift from Sif Muna
  1342 | D        | Reached skill level 10 in Air Magic
  1342 | D        | Reached skill level 5 in Invocations
  1785 | D        | Learned a level 2 spell: Searing Ray
  1787 | D        | Noticed Sigmund
  1791 | D        | Reached XP level 8. HP: 34/53 MP: 14/19
  1792 | D        | Killed Sigmund
  2250 | D        | Learned a level 1 spell: Magic Dart
  2250 | D        | Noticed a gargoyle
  2262 | D        | Reached skill level 10 in Conjurations
  2293 | D        | Killed a gargoyle
  2293 | D        | Received a gift from Sif Muna
  2294 | D        | Got Sif Muna's Essays on the Energetic Tempest {god gift}
  2451 | D        | Learned a level 6 spell: Conjure Ball Lightning
  2637 | D        | Reached XP level 9. HP: 53/59 MP: 14/21
  2973 | D        | Received a gift from Sif Muna
  2976 | D        | Got Sif Muna's Enchiridion on the Quake and Toxicants {god
                  | gift}
  2989 | D        | Noticed a black mamba
  3016 | D        | Killed a black mamba
  3016 | D        | Noticed a black mamba
  3017 | D        | Reached skill level 10 in Dodging
  3022 | D        | Received a gift from Sif Muna
  3034 | D        | Killed a black mamba
  3034 | D        | Succumbed to a black mamba's poison

Illustrated notes

Levels and vault maps discovered:
D:        pitsprint [storerooms_1, entrance_room_1, metal_vault_5, armoury_1,
          mini_pit_1, grid_room_1, main_hall_1, silver_pit, the_coven_3,
          the_vestibule_1, steel_vault_2, golden_pit, hallway_of_sentries,
          crystal_vault_5, iron_vault_1, final_vault]

Skill      XL: |  1  2  3  4  5  6  7  8  9 |
---------------+----------------------------+-----
Fighting       | 1 3 4 5 7 8 9 |  9.3
Dodging        | 3 4 5 7 8 9 10 | 10.3
Conjurations   | 2 4 6 8 9 10 12 | 12.0
Spellcasting   | 3 4 5 6 7 8 |  8.8
Air Magic      | 6 7 9 10 11 12 | 12.5
Invocations    | 2 4 5 6 7 |  7.7
Stealth        | |  2.0

Action                     |  1- 3 |  4- 6 |  7- 9 || total
---------------------------+-------+-------+-------++-------
  Melee: Falchion          |     3 |     3 |       ||     6
         Kick              |     2 |     6 |    10 ||    18
         Peck              |     1 |     2 |     5 ||     8
         Long sword        |       |    23 |    10 ||    33
         Punch             |       |     1 |     1 ||     2
         Scimitar          |       |       |    21 ||    21
   Cast: Shock             |     4 |    30 |     2 ||    36
         Static Discharge  |       |       |     7 ||     7
         Searing Ray       |       |       |     6 ||     6
         Magic Dart        |       |       |    19 ||    19
         Airstrike         |       |       |     3 ||     3
         Conjure Ball Ligh |       |       |     2 ||     2
         Swiftness         |       |       |     1 ||     1
    Use: Potion            |     2 |     4 |     6 ||    12
 Armour: Robe              |       |     5 |       ||     5
         Leather armour    |       |       |    11 ||    11
  Dodge: Dodged            |     2 |    16 |    81 ||    99

Table legend: (Time is in decaauts)
 A = Elapsed time spent in this place.
 B = Non-inter-level travel time spent in this place.
 C = Inter-level travel time spent in this place.
 D = Time resting spent in this place.
 E = Time spent auto-exploring this place.
 F = Levels seen in this place.
 G = Mean time per level.
                   A        B        C        D        E       F      G
               +--------+--------+--------+--------+--------+-----+--------+
         Total |   3040 |   2983 |     57 |   2401 |      0 |   1 | 3040.0 |
       Dungeon |   3040 |   2983 |     57 |   2401 |      0 |   1 | 3040.0 |
               +--------+--------+--------+--------+--------+-----+--------+

Top non-repeatable levels by time:
       D: 3040 daAuts
